 Dungeon Crawl Stone Soup version 0.14-a0-629-g748cab2 (webtiles) character file.

21939 Malachi the Conjurer (level 12, -2/88 HPs)
             Began as a Naga Conjurer on Nov 5, 2013.
             Was a High Priest of Kikubaaqudgha.
             Slain by a hill giant
             ... wielding a +0,+0 giant club
              (30 damage)
             ... on Level 12 of the Dungeon.
             The game lasted 01:44:56 (26582 turns).

Malachi the Conjurer (Naga Conjurer)               Turns: 26582, Time: 01:44:56

HP  -2/88        AC 12     Str 10      XL: 12   Next: 93%
MP  17/36        EV  9     Int 20      God: Kikubaaqudgha [*****.]
Gold 143         SH  0     Dex 11      Spells:  7 memorised,  9 levels left

Res.Fire  : + + .   See Invis. : +   o - +1,+2 dagger
Res.Cold  : . . .   Warding    : .   P - +4 leather armour "Claokh" {rF+ MR+ Str-2 Acc+6 Dam+5}
Life Prot.: . . .   Conserve   : .   (no shield)
Res.Poison: +       Res.Corr.  : +   (no helmet)
Res.Elec. : .       Clarity    : .   v - +0 orc cloak
Sust.Abil.: . .     Spirit.Shd : .   d - +0 pair of gauntlets
Res.Mut.  : .       Stasis     : .   (no barding)
Res.Rott. : .       Flight     : .   y - amulet of resist corrosion
Saprovore : . . .                    C - ring of protection from fire
                                     D - ring of magical power

@: drained, very slow, very resistant to hostile enchantments, very stealthy
A: spit poison, see invisible, deformed body, poison resistance, slowness 2, AC
+4
a: Spit Poison, Receive Corpses, Torment, Renounce Religion


You were on level 12 of the Dungeon.
You worshipped Kikubaaqudgha.
Kikubaaqudgha was extremely pleased with you.
You were hungry.

You visited 3 branches of the dungeon, and saw 15 of its levels.

You collected 982 gold pieces.
You spent 839 gold pieces at shops.

Inventory:

Hand weapons
 o - a +1,+2 dagger (weapon)
 B - a +0 orcish blowgun
 G - the +4,+8 shillelagh "Devastator"
   (You found it on level 5 of the Dungeon)
Missiles
 k - 3 curare-tipped needles
 A - 3 poisoned needles
Armour
 d - a +0 pair of gauntlets (worn)
 v - a +0 orcish cloak (worn)
 N - a +0 shield
 P - the +4 leather armour "Claokh" (worn) {rF+ MR+ Str-2 Acc+6 Dam+5}
   (You found it on level 10 of the Dungeon)

   It affects your strength (-2).
   It affects your accuracy (+6).
   It affects your damage-dealing abilities (+5).
   It protects you from fire.
   It affects your resistance to hostile enchantments.
Magical devices
 h - a wand of confusion (10)
 u - a wand of polymorph (13)
 E - a wand of draining (0)
 H - a wand of digging (4)
 J - a wand of lightning (0)
 S - a wand of cold (5)
Comestibles
 b - 9 bread rations
 i - 5 strawberries
 I - 4 cheeses
 M - a meat ration
Scrolls
 m - 4 scrolls of remove curse
 q - 2 scrolls of enchant weapon II
 s - a scroll of enchant armour
 w - a scroll of amnesia
 z - 2 scrolls of enchant weapon I
 F - a scroll of immolation
 K - a scroll of magic mapping
 R - 2 scrolls of recharging
 T - 2 scrolls of fog
 W - a scroll of identify
Jewellery
 g - an uncursed ring of sustain abilities
 p - an uncursed ring of protection from magic
 y - an amulet of resist corrosion (around neck)
 C - a ring of protection from fire (right hand)
 D - a ring of magical power (left hand)
 U - an uncursed amulet of resist mutation
 Y - the ring of Sif Muna's Generosity {Regen Contam rPois rN+}
   (You bought it in a shop on level 7 of the Dungeon)

   [ring of regeneration]

   It protects you from poison.
   It protects you from negative energy.
   It causes magical contamination when unequipped.
Potions
 a - a potion of agility
 e - a potion of might
 j - 3 potions of speed
 l - 2 potions of flight
 n - a potion of brilliance
 r - a potion of magic
 t - 3 potions of restore abilities
 x - 6 potions of curing
 Q - a potion of resistance
Books
 c - a book of Conjurations

   Spells                             Type                      Level
   *Magic Dart                        Conjuration                  1
   Searing Ray                        Conjuration                  2
   *Dazzling Spray                    Conjuration/Hexes            3
   *Iskenderun's Mystic Blast         Conjuration                  4
   *Iskenderun's Battlesphere         Conjuration/Charms           4
   Fulminant Prism                    Conjuration/Hexes            5
 L - Kikubaaqudgha's Handbook of Darkness
   (Kikubaaqudgha gifted it to you on level 7 of the Dungeon)

   Spells                             Type                      Level
   Animate Skeleton                   Necromancy                   1
   Lethal Infusion                    Charms/Necromancy            2
   *Sublimation of Blood              Necromancy                   2
   *Regeneration                      Charms/Necromancy            3
   Control Undead                     Necromancy                   4
 O - a book of Beasts

   Spells                             Type                      Level
   *Summon Butterflies                Summoning                    1
   Sticks to Snakes                   Transmutation                2
   Call Canine Familiar               Summoning                    3
   Ice Form                           Ice/Transmutation            4
   Summon Ice Beast                   Ice/Summoning                4
   Summon Hydra                       Summoning                    7
 X - Kikubaaqudgha's Tome of Darkness
   (Kikubaaqudgha gifted it to you on level 10 of the Dungeon)

   Spells                             Type                      Level
   Animate Dead                       Necromancy                   4
   Agony                              Necromancy                   5
   Dispel Undead                      Necromancy                   5
   Bolt of Draining                   Conjuration/Necromancy       6
   Death Channel                      Necromancy                   6
Magical staves
 V - an uncursed staff of wizardry


   Skills:
 - Level 1.8(1.7) Short Blades
 + Level 0.5(0.4) Staves
 - Level 6.0(5.9) Armour
 - Level 1.5(1.4) Dodging
 - Level 10.1(10.0) Stealth
 - Level 8.1(8.0) Spellcasting
 - Level 14.2(14.1) Conjurations
 - Level 0.4(0.3) Hexes
 - Level 5.4(5.3) Charms
 - Level 4.0(3.9) Summonings
 * Level 5.3(5.2) Necromancy
 - Level 0.2(0.1) Evocations


You had 9 spell levels left.
You knew the following spells:

 Your Spells              Type           Power        Failure   Level  Hunger
a - Magic Dart            Conj           ####         1%          1    None
b - Dazzling Spray        Conj/Hex       #####...     1%          3    None
c - Iskenderun's Mystic   Conj           ######..     1%          4    ###....
d - Iskenderun's Battles  Conj/Chrm      #####...     1%          4    ###....
e - Summon Butterflies    Summ           ###.....     1%          1    None
f - Sublimation of Blood  Necr           ####......   1%          2    None
g - Regeneration          Chrm/Necr      ####......   3%          3    None


Dungeon Overview and Level Annotations

Branches:
Dungeon (13/27)            Temple (1/1) D:6             Orc (1/4) D:11
   Lair: D:8-13

Altars:
Ashenzari
Cheibriados
Elyvilon
Fedhas
Kikubaaqudgha
Makhleb
Nemelex Xobeh
Okawaru
Sif Muna
Trog
Vehumet
Xom
Yredelemnul
Zin
the Shining One
Beogh

Shops:
D:4 ?   D:7 ?*+[%   D:8 +

Annotations:
D:8 exclusion: slime creature
D:12 exclusion: silver statue
D:13 Nergalle


Innate Abilities, Weirdness & Mutations

You cannot wear boots.
You can spit poison.
Your serpentine skin is tough (AC +4).
You have supernaturally acute eyesight.
Armour fits poorly on your strangely shaped body.
Your system is resistant to poisons.
You cover ground very slowly.


Message History

Press: ? - help, Shift-Dir - straight line, f/p - hill giant
Aim: a hill giant, wielding a giant club (moderately wounded, blind, hasn't noticed you)
The spray of energy hits the hill giant.
The hill giant is moderately wounded.
Casting: Dazzling Spray
Confirm with . or Enter, or press ? or * to list all spells.
Aiming: Iskenderun's Mystic Blast
Press: ? - help, Shift-Dir - straight line, f/p - hill giant
Aim: a hill giant, wielding a giant club (moderately wounded, blind, hasn't noticed you)
The orb of energy hits the hill giant.
The hill giant is heavily wounded.
The orb of energy explodes!
The hill giant hits you with a giant club.
You slash the hill giant!
The hill giant is heavily wounded.
You puncture the hill giant!
The hill giant is severely wounded.
The hill giant hits you with a giant club!
You die...
Kikubaaqudgha rasps: "You have failed me!
Welcome... death!"

###..####)..#
########..## #...##
##### ###........## #
##....## #.........##
####..##..##
##?.######## #
.....####..## #...#
### #...## ##..##
#..## ####.. #...#
##..####..# ##.....
#...## ##.>##...#
#.<.### .....##
##....@..# ##..##
.###..#####......C.##
#..## ##
###..#...#####...##
##..##### # ##...###
#>...####........
#####
##...............
######..........
###..###### #.## #
#.# ##


You could see a hill giant (blind).

Vanquished Creatures
  A sun demon (D:12)
  4 hill giants
  2 unseen horrors
  An orc knight (D:11)
  A feature mimic (D:11)
  6 trolls
  A komodo dragon (D:10)
  2 hydra zombies
  A wind drake (shapeshifter) (D:11)
  A trapdoor spider zombie (D:12)
  9 slime creatures
  5 yaks (D:9)
  A hog (D:8)
  A wraith (D:10)
  8 ugly things
  A hill giant zombie (D:11)
  3 hippogriffs
  2 manticores
  17 orc warriors
  2 necrophages
  10 ice beasts
  A blink frog zombie (D:13)
  4 phantoms
  4 giant goldfish (D:4)
  3 sky beasts
  6 ogres
  A human (D:8)
  13 centaurs
  A warg (Orc:1)
  Duvessa (D:6)
  4 big kobolds
  A komodo dragon zombie (D:12)
  6 giant frogs
  An agate snail (D:4)
  A cyclops skeleton (D:10)
  A hippogriff zombie (D:12)
  An eye of draining (D:11)
  4 jellyfish
  11 killer bees (D:12)
  16 wights
  2 yak skeletons
  A hippogriff skeleton (D:10)
  6 goliath beetles
  10 crimson imps
  A centaur zombie (D:9)
  Dowan (D:6)
  3 big fish (D:9)
  An electric eel (D:9)
  10 hounds
  A two-headed ogre zombie (D:13)
  5 iguanas
  8 orc priests
  A giant frog skeleton (D:10)
  4 jellies
  A centaur skeleton (D:6)
  19 orc wizards
  4 scorpions
  17 worker ants
  3 sheep (D:8)
  2 hound skeletons
  A worker ant zombie (D:11)
  3 gnolls (D:9)
  14 adders
  3 giant mites
  An inept feature mimic (D:2)
  3 worms
  An adder zombie (D:4)
  An adder skeleton (D:9)
  An ooze (D:3)
  103 orcs
  2 bat zombies
  5 giant cockroaches
  18 goblins
  22 hobgoblins
  28 kobolds
  A ball python (D:2)
  20 bats
  4 giant geckos
  3 giant newts
  3 giant spores
  A hobgoblin zombie (D:8)
  19 jackals
  A jackal skeleton (D:7)
  A kobold skeleton (D:8)
  4 quokkas
  15 rats
  A rat skeleton (D:7)
  18 ballistomycetes
556 creatures vanquished.

Vanquished Creatures (others)
  3 giant spores (D:11)
3 creatures vanquished.

Grand Total: 559 creatures vanquished

Notes
Turn   | Place    | Note
--------------------------------------------------------------
     0 | D:1      | Malachi, the Naga Conjurer, began the quest for the Orb.
     0 | D:1      | Reached XP level 1. HP: 15/15 MP: 3/3
   422 | D:1      | Reached XP level 2. HP: 20/22 MP: 2/4
  1096 | D:1      | Reached XP level 3. HP: 28/28 MP: 2/5
  1121 | D:1      | Learned a level 3 spell: Dazzling Spray
  1442 | D:2      | Reached skill level 5 in Conjurations
  1664 | D:2      | Reached XP level 4. HP: 20/36 MP: 1/7
  2801 | D:2      | Reached skill level 6 in Conjurations
  2913 | D:2      | Reached XP level 5. HP: 37/42 MP: 5/8
  4921 | D:4      | Reached XP level 6. HP: 45/49 MP: 3/9
  4999 | D:4      | Reached skill level 7 in Conjurations
  5244 | D:4      | Found Apta's Magic Scroll Boutique.
  5257 | D:4      | Bought a scroll of blinking for 60 gold pieces
  5257 | D:4      | Bought a scroll of enchant weapon I for 60 gold pieces
  5262 | D:4      | Bought a scroll of identify for 22 gold pieces
  5262 | D:4      | Bought a scroll of identify for 22 gold pieces
  5880 | D:4      | Reached skill level 1 in Short Blades
  6309 | D:4      | Noticed a giant goldfish
  6310 | D:4      | Noticed a giant goldfish
  6311 | D:4      | Noticed a giant goldfish
  6312 | D:4      | Noticed a giant goldfish
  6850 | D:5      | Entered Level 5 of the Dungeon
  6850 | D:5      | Found a glowing silver altar of Zin.
  7032 | D:5      | Reached XP level 7. HP: 52/55 MP: 9/11
  7043 | D:5      | Reached skill level 8 in Conjurations
  7133 | D:5      | Found a basalt altar of Yredelemnul.
  7331 | D:5      | Learned a level 4 spell: Iskenderun's Mystic Blast
  7333 | D:5      | Found a shimmering altar of Xom.
  7638 | D:5      | Found a sparkling altar of Nemelex Xobeh.
  7800 | D:5      | Found a burning altar of Makhleb.
  8097 | D:6      | Reached XP level 8. HP: 47/62 MP: 16/16
  8190 | D:6      | Reached skill level 9 in Conjurations
  8443 | D:5      | Learned a level 4 spell: Iskenderun's Battlesphere
  8904 | D:6      | Noticed Dowan
  8905 | D:6      | Noticed Duvessa
  8912 | D:6      | Killed Dowan
  9162 | D:6      | Killed Duvessa
  9467 | D:6      | Found a staircase to the Ecumenical Temple.
  9513 | D:6      | Reached skill level 10 in Conjurations
  9543 | Temple   | Entered the Ecumenical Temple
  9611 | Temple   | Became a worshipper of Kikubaaqudgha
  9770 | D:6      | Reached skill level 5 in Spellcasting
  9895 | D:6      | Reached XP level 9. HP: 44/68 MP: 7/20
 10863 | D:7      | Reached skill level 5 in Stealth
 10981 | D:7      | Found Xown's Magic Scroll Emporium.
 10995 | D:7      | Bought a scroll of identify for 28 gold pieces
 11000 | D:7      | Bought a scroll of enchant armour for 77 gold pieces
 11004 | D:7      | Found Klumaock's Assorted Antiques.
 11014 | D:7      | Bought a scroll of identify for 38 gold pieces
 11244 | D:7      | Bought a scroll labeled RUOCRI THERU {tried on +0 pair of gauntlets} for 19 gold pieces
 11244 | D:7      | Bought a scroll labeled RUOCRI THERU {tried on +0 pair of gauntlets} for 19 gold pieces
 11245 | D:7      | Bought a scroll labeled LYB UKYONAHOT for 19 gold pieces
 11259 | D:7      | Found Ceul's Food Shop.
 11292 | D:7      | Found Pretat's Antique Armour Shop.
 11657 | D:7      | Acquired Kikubaaqudgha's first power
 11657 | D:7      | Received a gift from Kikubaaqudgha
 11660 | D:7      | Identified Kikubaaqudgha's Handbook of Darkness (Kikubaaqudgha gifted it to you on level 7 of the Dungeon)
 11854 | D:7      | Reached skill level 11 in Conjurations
 12197 | D:7      | Found Wiroeshri's Book Shoppe.
 12233 | D:8      | Learned a level 1 spell: Summon Butterflies
 12236 | D:8      | Learned a level 2 spell: Sublimation of Blood
 12377 | D:8      | Got a polished ring mail
 12506 | D:8      | Identified the +0 ring mail "Wynumeyn" {+Blink rC+ rN+} (You found it on level 8 of the Dungeon)
 12932 | D:8      | Reached XP level 10. HP: 8/75 MP: 1/23
 13276 | D:8      | Found Styusef's Book Shop.
 13467 | D:8      | Reached skill level 12 in Conjurations
 13476 | D:8      | Learned a level 3 spell: Regeneration
 14074 | D:8      | Reached skill level 1 in Summonings
 14074 | D:8      | Reached skill level 1 in Necromancy
 15065 | D:9      | Acquired Kikubaaqudgha's second power
 15375 | D:8      | Reached skill level 10 in Stealth
 15883 | D:9      | Reached skill level 1 in Charms
 15917 | D:9      | Reached XP level 11. HP: 81/81 MP: 23/24
 16295 | D:4      | Killed a giant goldfish
 16298 | D:4      | Killed a giant goldfish
 16336 | D:4      | Killed a giant goldfish
 16346 | D:4      | Killed a giant goldfish
 16614 | D:10     | Entered Level 10 of the Dungeon
 16691 | D:10     | Noticed a hill giant
 16725 | D:10     | Killed a hill giant
 16725 | D:10     | Reached skill level 5 in Charms
 16861 | D:10     | Received a gift from Kikubaaqudgha
 16874 | D:10     | Identified Kikubaaqudgha's Tome of Darkness (Kikubaaqudgha gifted it to you on level 10 of the Dungeon)
 17009 | D:10     | Found a shattered altar of Ashenzari.
 17482 | D:10     | Got a twisted leather armour
 17490 | D:10     | Identified the +4 leather armour "Claokh" {rF+ MR+ Str-2 Acc+6 Dam+5} (You found it on level 10 of the Dungeon)
 17561 | D:10     | Reached skill level 1 in Armour
 19443 | D:11     | Noticed an orc knight
 20135 | D:11     | Killed an orc knight
 20135 | D:11     | Reached skill level 5 in Armour
 20573 | D:11     | Noticed an unseen horror
 20576 | D:11     | Killed an unseen horror
 20600 | D:11     | Reached XP level 12. HP: 86/88 MP: 7/25
 20650 | D:11     | Acquired Kikubaaqudgha's third power
 20857 | D:11     | Found a roughly hewn altar of Beogh.
 20859 | D:11     | Found a staircase to the Orcish Mines.
 21450 | Orc:1    | Entered Level 1 of the Orcish Mines
 21836 | Orc:1    | Found a roughly hewn altar of Beogh.
 22097 | Orc:1    | Found a frozen archway.
 23442 | D:12     | Reached skill level 13 in Conjurations
 25847 | D:7      | Bought a shimmering brass ring for 475 gold pieces
 25848 | D:7      | Identified the ring of Sif Muna's Generosity {Regen Contam rPois rN+} (You bought it in a shop on level 7 of the Dungeon)
 26032 | D:13     | Reached skill level 14 in Conjurations
 26283 | D:13     | Noticed Nergalle
 26439 | D:12     | Reached skill level 5 in Necromancy
 26551 | D:12     | Acquired Kikubaaqudgha's fourth power
 26582 | D:12     | Slain by a hill giant

Action                   |  1- 3 |  4- 6 |  7- 9 | 10-12 || total
-------------------------+-------+-------+-------+-------++-------
Melee: Dagger            |    29 |    83 |    99 |   249 ||   460
       Shillelagh        |       |       |     4 |       ||     4
       Unarmed           |       |       |       |     1 ||     1
       Staff             |       |       |       |     4 ||     4
 Cast: Magic Dart        |    42 |   166 |   196 |   579 ||   983
       Dazzling Spray    |     2 |    12 |    59 |   148 ||   221
       Iskenderun's Myst |       |       |    46 |    50 ||    96
       Iskenderun's Batt |       |       |    10 |    98 ||   108
       Sublimation of Bl |       |       |       |    12 ||    12
       Regeneration      |       |       |       |     6 ||     6
 Abil: Spit Poison       |    10 |    35 |    13 |    10 ||    68
Evoke: Wand              |       |       |     4 |    32 ||    36
  Use: Scroll            |       |    14 |    13 |    17 ||    44
       Potion            |       |       |       |     3 ||     3
 Stab: Sleeping          |     2 |     6 |     1 |    14 ||    23
       Invisible         |     1 |     1 |     4 |    22 ||    28
